 Dungeon Crawl Stone Soup version 0.19.5 (webtiles) character file.

8719 HeyBub the Protected (level 11, 0/82 HPs)
             Began as a Minotaur Fighter on Apr 23, 2017.
             Was an Elder of Trog.
             Succumbed to Erica's bolt of poison
             ... on level 9 of the Dungeon.
             The game lasted 00:11:50 (7914 turns).

HeyBub the Protected (Minotaur Fighter)             Turns: 7914, Time: 00:11:52

Health: 0/82       AC: 20    Str: 29    XL:     11   Next: 13%
Magic:  10/10      EV: 12    Int:  7    God:    Trog [****..]
Gold:   490        SH: 13    Dex: 14    Spells: 0 memorised, 10 levels left

rFire  . . .     SeeInvis .     v - +0 long sword (protect)
rCold  . . .     Gourm    .     o - +0 plate armour
rNeg   . . .     Faith    .     c - +0 shield
rPois  .         Spirit   .     N - +1 hat
rElec  .         Reflect  .     C - +2 cloak
rCorr  .         Harm     .     (no gloves)
MR     .....                    (no boots)
Stlth  ..........               (no amulet)
                                B - +4 ring of dexterity
                                l - ring of loudness (curse)

@: mighty, lethally poisoned (0 -> -8), slowed, very slow
A: retaliatory headbutt, horns 2, clever 1
a: Berserk, Trog's Hand, Brothers in Arms, Burn Spellbooks, Renounce Religion


You were on level 9 of the Dungeon.
You worshipped Trog.
Trog was greatly pleased with you.
You were very hungry.

You visited 1 branch of the dungeon, and saw 9 of its levels.

You collected 490 gold pieces.

Inventory:

Hand Weapons
 a - a +0 long sword
 v - a +0 long sword of protection (weapon)
Missiles
 b - 2 steel tomahawks (quivered)
 M - 8 tomahawks of returning
Armour
 c - a +0 shield (worn)
 o - a +0 plate armour (worn)
 C - a +2 cloak (worn)
 N - a +1 hat (worn)
Jewellery
 l - a cursed ring of loudness (left hand)
 u - an uncursed ring of flight
 B - a +4 ring of dexterity (right hand)
 J - an uncursed ring of resist corrosion {unknown}
 O - an uncursed ring of stealth {unknown}
 P - an uncursed amulet of the gourmand {unknown}
Wands
 w - a wand of confusion (43/48)
 x - a wand of digging (13/24)
 D - a wand of random effects (16/48)
Scrolls
 e - 10 scrolls of identify {unknown}
 h - 3 scrolls of noise {unknown}
 j - 5 scrolls of enchant weapon {unknown}
 n - 2 scrolls of blinking {unknown}
 p - 5 scrolls of remove curse {unknown}
 q - 2 scrolls of amnesia {unknown}
 r - 2 scrolls of teleportation {unknown}
 s - a scroll of enchant armour {unknown}
 t - 3 scrolls of recharging {unknown}
 y - 5 scrolls of magic mapping {unknown}
 H - a scroll of summoning {unknown}
 K - a scroll of immolation {unknown}
Potions
 d - a potion of might
 g - 2 potions of flight
 k - 3 potions of brilliance {unknown}
 m - 2 potions of cure mutation {unknown}
 A - 3 potions of agility {unknown}
 E - a potion of invisibility {unknown}
 F - a potion of lignification {unknown}
 I - a potion of degeneration {unknown}
Books
 G - a book of Transfigurations

   Spells                             Type                      Level
   a - Irradiate                      Conjuration/Transmutation    5
   b - Statue Form                    Transmutation/Earth          6
   c - Hydra Form                     Transmutation                6
   d - Dragon Form                    Transmutation                7
   Trog disapproves of the use of such an item.
Comestibles
 f - 9 bread rations
 z - 17 fruits
 L - 8 slices of pizza


   Skills:
 - Level 3.6 Fighting
 - Level 8.1 Long Blades
 - Level 12.6 Armour
 + Level 8.5 Dodging
 - Level 11.7 Shields


You had 10 spell levels left.
You didn't know any spells.

Dungeon Overview and Level Annotations

Branches:
Dungeon (9/15)             Temple (0/1) D:7            Lair (0/6) D:8
    Orc (0/2) D:9

Altars:
Elyvilon
Kikubaaqudgha
Nemelex Xobeh
Ru
Trog
Xom

Annotations:
D:9 Erica


Innate Abilities, Weirdness & Mutations

You reflexively headbutt those who attack you in melee.
You have a pair of horns on your head.
Your mind is acute. (Int +2)


Message History

Erica casts a spell.
Erica flickers and vanishes!
Deactivating autopickup; reactivate with Ctrl-A.
The orc priest looks satisfied for a moment.
You hear some strange, mumbled words.
A bolt of poison appears from out of thin air!
The bolt of poison hits you!
You are poisoned.
* * * LOW HITPOINT WARNING * * *
The orc priest calls down the wrath of Beogh upon you.
* * * LOW HITPOINT WARNING * * *
You feel sick.
You feel less confused.
* * * LOW HITPOINT WARNING * * *
You feel sick. Something hits you.
* * * LOW HITPOINT WARNING * * *
Something burns you.
* * * LOW HITPOINT WARNING * * *
You feel very mighty all of a sudden.
You die...

#.# #...# #.#
#...# #.# #...#
#.# #...# #.#
#...# #.# #.#
#.# #@# # #.# .#
#o# ..###
#o########.....#
#...o.†......#
#.....†......#
#.....†......#
#.########...#
#.# ...#


You could see an orc priest and an orc.

Vanquished Creatures
  Gastronok (D:9)
  Pikel (D:4)
  The ghost of xraymikek the Shield-Bearer, a novice FoFi of Okawaru (D:5)
  The ghost of Renzlar the Cudgeler, a novice FoFi of Cheibriados (D:6)
  A komodo dragon (D:8)
  The ghost of TheedMan the Skirmisher, an amateur HuBe of Trog (D:4)
  3 hornets
  A two-headed ogre (D:9)
  2 hippogriffs (D:9)
  Sigmund (D:6)
  A wyvern (D:8)
  2 yaks (D:8)
  Menkaure (D:4)
  3 orc warriors
  Duvessa (D:4)
  4 slaves (D:4)
  2 sky beasts
  2 ice beasts
  A phantom (D:9)
  2 ogres
  4 centaurs
  A crocodile (D:8)
  2 big kobolds
  6 bullfrogs
  Dowan (D:4)
  11 killer bees (D:9)
  3 crimson imps
  A centaur skeleton (D:8)
  9 hounds
  7 orc wizards
  2 jellies (D:6)
  An orc priest (D:9)
  6 worker ants
  2 hound zombies
  A worker ant zombie (D:4)
  3 gnolls (D:6)
  A howler monkey skeleton (D:8)
  10 adders
  2 shadow imps
  An adder skeleton (D:4)
  An adder zombie (D:4)
  3 worms
  A dart slug (D:2)
  5 leopard geckos
  20 orcs
  7 bats
  2 giant cockroaches
  5 goblins
  5 hobgoblins
  12 jackals
  4 quokkas
  7 frilled lizards
  A jackal zombie (D:4)
  15 kobolds
  A quokka skeleton (D:4)
  2 quokka zombies (D:4)
  A rat (D:1)
198 creatures vanquished.

Vanquished Creatures (others)
  5 toadstools (D:1)
5 creatures vanquished.

Grand Total: 203 creatures vanquished

Notes
Turn   | Place    | Note
-------+----------+-------------------------------------------
     0 | D:1      | HeyBub the Minotaur Fighter began the quest for the Orb.
     0 | D:1      | Reached XP level 1. HP: 19/19 MP: 0/0
   488 | D:1      | Reached XP level 2. HP: 23/26 MP: 1/1
   791 | D:2      | Found a bloodstained altar of Trog.
   814 | D:2      | Became a worshipper of Trog the Wrathful
   880 | D:2      | Reached XP level 3. HP: 28/31 MP: 2/2
  1144 | D:2      | Reached skill level 5 in Long Blades
  1181 | D:2      | Reached XP level 4. HP: 39/39 MP: 3/3
  1937 | D:3      | Found a sparkling altar of Nemelex Xobeh.
  2086 | D:3      | Reached * piety under Trog
  2281 | D:4      | Noticed TheedMan's ghost (amateur HuBe)
  2313 | D:4      | Reached XP level 5. HP: 45/45 MP: 4/4
  2320 | D:4      | Killed TheedMan's ghost
  2320 | D:4      | Reached XP level 6. HP: 51/51 MP: 5/5
  2392 | D:4      | Noticed Duvessa
  2394 | D:4      | Noticed Dowan
  2411 | D:4      | Reached skill level 4 in Armour
  2413 | D:4      | Killed Duvessa
  2413 | D:4      | Reached skill level 5 in Armour
  2413 | D:4      | Reached XP level 7. HP: 27/57 MP: 6/6
  2416 | D:4      | Killed Dowan
  2416 | D:4      | Reached skill level 6 in Armour
  2661 | D:4      | Noticed Menkaure
  2671 | D:4      | Killed Menkaure
  2671 | D:4      | Reached skill level 7 in Armour
  2849 | D:4      | Found a shimmering altar of Xom.
  2938 | D:4      | Noticed Pikel
  2985 | D:4      | Killed Pikel
  2985 | D:4      | Reached skill level 9 in Armour
  2985 | D:4      | Reached XP level 8. HP: 52/64 MP: 7/7
  3143 | D:5      | Entered Level 5 of the Dungeon
  3220 | D:5      | Reached ** piety under Trog
  3242 | D:5      | Reached skill level 10 in Armour
  3482 | D:5      | Noticed xraymikek's ghost (novice FoFi)
  3508 | D:5      | Killed xraymikek's ghost
  3508 | D:5      | Reached skill level 11 in Armour
  4392 | D:6      | Noticed Sigmund
  4396 | D:6      | Killed Sigmund
  4396 | D:6      | Reached skill level 12 in Armour
  4396 | D:6      | Reached XP level 9. HP: 70/70 MP: 8/8
  4537 | D:6      | Found an ancient bone altar of Kikubaaqudgha.
  4720 | D:6      | Noticed Renzlar's ghost (novice FoFi)
  4741 | D:6      | Killed Renzlar's ghost
  5146 | D:7      | Paralysed by a hornet for 2 turns
  5346 | D:7      | Found a staircase to the Ecumenical Temple.
  5411 | D:7      | Reached *** piety under Trog
  5660 | D:7      | Gained mutation: Your mind is acute. (Int +2) [mutagenic meat]
  5937 | D:8      | Found a staircase to the Lair.
  5938 | D:8      | Noticed a komodo dragon
  5944 | D:8      | Reached XP level 10. HP: 63/77 MP: 9/9
  5958 | D:8      | Reached skill level 10 in Shields
  6130 | D:8      | Paralysed by a hornet for 3 turns
  6428 | D:8      | Received a gift from Trog
  6951 | D:8      | Found a sacrificial altar of Ru.
  6951 | D:8      | Found a white marble altar of Elyvilon.
  7088 | D:9      | Reached skill level 1 in Dodging
  7102 | D:9      | Noticed Gastronok
  7131 | D:9      | Killed Gastronok
  7368 | D:9      | Found a staircase to the Orcish Mines.
  7669 | D:9      | Reached XP level 11. HP: 82/82 MP: 10/10
  7823 | D:9      | Reached **** piety under Trog
  7858 | D:9      | Noticed Erica
  7888 | D:9      | HP: 2/82 [orc priest/divine providence (13)]
  7913 | D:9      | HP: 4/82 [poisoned by Erica (bolt of poison)]
  7913 | D:9      | HP: 1/82 [something (1)]
  7914 | D:9      | Succumbed to Erica's bolt of poison

Skill      XL: |  1  2  3  4  5  6  7  8  9 10 11 |
---------------+----------------------------------+-----
Long Blades    | 3 4 5 6 8 |  8.1
Armour         | 5 9 12 | 12.6
Shields        | 9 11 | 11.7
Dodging        | 7 8 |  8.5
Fighting       | |  3.6

Action                   |  1- 3 |  4- 6 |  7- 9 | 10-12 || total
-------------------------+-------+-------+-------+-------++-------
Melee: Long sword        |    93 |    99 |   378 |   261 ||   831
       Headbutt          |    10 |    24 |    89 |    75 ||   198
Invok: Berserk           |       |     2 |     4 |     5 ||    11
       Burn Spellbooks   |       |     1 |       |       ||     1
  Use: Potion            |       |       |     3 |     9 ||    12
  Eat: Bread ration      |       |     2 |     1 |       ||     3
       Meat ration       |       |       |     1 |     2 ||     3
       Royal jelly       |       |       |     1 |       ||     1
       Fruit             |       |       |     3 |       ||     3
       Chunk             |       |       |     1 |       ||     1
Armor: Scale mail        |    20 |       |       |       ||    20
       Plate armour      |    39 |    64 |   195 |   136 ||   434
Dodge: Dodged            |    19 |    12 |    62 |    94 ||   187
Block: Shield            |    57 |    50 |   182 |   161 ||   450
       Rpst.: Long sword |     3 |     3 |    26 |    21 ||    53
